Unix NetHack Version 5.0.0-0 post-release - last build Jun 10 2026 00:39:30 (3ee93aec679c4c4259841fe613dc97188e26a321,branch:main).

Game began 2026-06-24 02:40:58, ended 2026-06-24 03:07:13.

ArtyFuffkin, chaotic male human Rogue

                                               ......
                                               .)%.<.
                                               .....>
                                                --)..h
                                                 |..@.
                                                 ----.

ArtyFuffkin the Cutpurse  St:13 Dx:18 Co:17 In:9 Wi:8 Ch:10  Chaotic
Dlvl:3  $:97 HP:0(30) Pw:7(7) AC:7  Xp:3 T:808 

Latest messages:
 (For instructions type a '?')
 You descend the stairs.
 The kitten misses it.
 The kitten bites it.
 It misses the kitten.
 The kitten bites the gnome lord.
 The gnome lord hits the kitten.
 The gnome lord hits!
 You miss the gnome lord.
 You hear rumbling in the distance.
 You are hit by a dagger!
 The gnome lord hits!
 Please move the cursor to a monster, object or location.
 (For instructions type a '?')
 You hit the gnome lord.
 Please move the cursor to a monster, object or location.
 (For instructions type a '?')
 You kill the gnome lord!
 Welcome to experience level 3.
 You hit the dwarf.
 You hit the dwarf.
 The dwarf misses!
 You hit the dwarf.
 You kill the dwarf!
 $ - 3 gold pieces (97 in total).
 v - a war hammer.
 You see here a dagger.
 w - a dagger.
 x - 12 arrows.
 y - a bow.
 The gnome hits!
 You hear rumbling in the distance.
 You kill the gnome!
 You are hit by an arrow!
 You are hit by a dart.
 You are hit by a dagger.
 The hobbit misses!
 You hit the hobbit.
 You hear rumbling in the distance.
 You hit the hobbit.
 You miss the hobbit.
 The hobbit hits!
 You hit the hobbit.
 The hobbit hits!
 You die...
 Do you want your possessions identified? [ynq] (y) y
 Do you want to see your attributes? [ynq] (y) y
 Do you want an account of creatures vanquished? [ynaq] (y) n
 Do you want to see your conduct and achievements? [ynq] (y) n
 Do you want to see the dungeon overview? [ynq] (y) y

Inventory:
 Coins    ('$')
  $ - 97 gold pieces
 Weapons  (')')
  x - 12 +0 arrows
  y - a blessed +0 bow
  w - a blessed +2 dagger
  b - 13 +0 daggers (alternate weapons; not wielded)
  p - a cursed +0 elven broadsword
  a - a very corroded +0 short sword (weapon in right hand)
  q - a cursed +0 trident
  v - a blessed +0 war hammer
 Armor    ('[')
  c - an uncursed +1 leather armor (being worn)
 Comestibles  ('%')
  m - an uncursed food ration
  n - 2 uncursed fortune cookies
  l - 2 uncursed lembas wafers
  g - an uncursed tin of deep fried kobold meat
  s - an uncursed lichen corpse
  r - an uncursed newt corpse
 Scrolls  ('?')
  h - an uncursed scroll of confuse monster
  k - an uncursed scroll of fire
 Spellbooks  ('+')
  u - an uncursed spellbook of magic mapping
 Potions  ('!')
  i - 2 blessed potions of healing
  j - 2 cursed potions of healing
  o - an uncursed potion of levitation
  d - an uncursed potion of sickness
 Tools    ('(')
  f - an empty uncursed sack
  e - an uncursed lock pick

ArtyFuffkin the Rogue's attributes:

Background:
 You were a Cutpurse, a level 3 male human Rogue.
 You were chaotic, on a mission for Kos
 who was opposed by Issek (lawful) and Mog (neutral).
 You were right-handed.
 You were in the Gnomish Mines, on level 3.
 You entered the dungeon 808 turns ago.
 It was nighttime.
 You had 62 experience points, 18 more were needed to attain level 4.

Basics:
 You had 0 out of 30 hit points.
 You had all 7 energy points (spell power).
 Your armor class was 7.
 Your wallet contained 97 zorkmids.
 Autopickup was off.

Final Characteristics:
 Your strength was 13 (limit:18/100).
 Your dexterity was 18 (limit:18).
 Your constitution was 17 (limit:18).
 Your intelligence was 9 (limit:18).
 Your wisdom was 8 (limit:18).
 Your charisma was 10 (limit:18).

Final Status:
 You weren't hungry.
 You were unencumbered.
 You were wielding a short sword.
 You had basic skill with short sword.

Final Attributes:
 You were fervently aligned.
 You were stealthy.
 You were warded.
 You are dead.

Miscellaneous:
 You didn't encounter any bones levels.
 Total elapsed playing time was 25 minutes and 50 seconds.

Major events:
 Turn
    1: ArtyFuffkin the chaotic male human Rogue entered the dungeon
  783: entered the Gnomish Mines
  787: attained the rank of Cutpurse (level 3)
  808: killed by a hobbit

You didn't know any spells.

Skills:
 Fighting Skills
   bare handed combat [Unskilled]
   two weapon combat  [Unskilled]
   riding             [Unskilled]
 Weapon Skills
   dagger             [Basic]
   knife              [Unskilled]
   short sword        [Basic]
   broadsword         [Unskilled]
   long sword         [Unskilled]
   two-handed sword   [Unskilled]
   saber              [Unskilled]
   club               [Unskilled]
   mace               [Unskilled]
   morning star       [Unskilled]
   flail              [Unskilled]
   hammer             [Unskilled]
   polearms           [Unskilled]
   spear              [Unskilled]
   crossbow           [Unskilled]
   dart               [Unskilled]
   shuriken           [Unskilled]
 Spellcasting Skills
   divination spells  [Unskilled]
   escape spells      [Unskilled]
   matter spells      [Unskilled]

Voluntary challenges:
 Character rerolling was not enabled.
 You followed a strict vegan diet.
 You were an atheist.
 You were illiterate.
 You never genocided any monsters.
 You never polymorphed an object.
 You never changed form.
 You used no wishes.
Achievements:
 You entered a shop.
 You entered the Gnomish Mines.
 You attained the rank of Cutpurse.

 The Dungeons of Doom: levels 1 to 2
    Level 1:
    Level 2:
       A scroll shop.
       Stairs down to The Gnomish Mines.
 The Gnomish Mines:
    Level 3: <- You were here.
       Final resting place for
          you, killed by a hobbit.


Vanquished creatures:
  a gnome leader
  2 dwarves
 an acid blob
  a manes
  2 gnomes
  4 jackals
  a fox
  a goblin
  2 sewer rats
  2 grid bugs
  2 lichens
  2 kobold zombies
  3 newts
24 creatures vanquished.

No species were genocided or became extinct.

Game over:
                       ----------
                      /          \
                     /    REST    \
                    /      IN      \
                   /     PEACE      \
                  /                  \
                  |   ArtyFuffkin    |
                  |      97 Au       |
                  |   killed by a    |
                  |      hobbit      |
                  |                  |
                  |                  |
                  |       2026       |
                 *|     *  *  *      | *
        _________)/\\_//(\/(/\)/\//\/|_)_______

Goodbye ArtyFuffkin the Rogue...

You died in The Gnomish Mines on dungeon level 3 with 436 points,
and 97 pieces of gold, after 808 moves.
You were level 3 with a maximum of 30 hit points when you died.

